 Dungeon Crawl Stone Soup version 0.22.1-2-g9c5b331 (webtiles) character file.

784 Fang the Chopper (level 7, 0/66 HPs)
             Began as a Gargoyle Berserker on Nov 14, 2018.
             Was a Priest of Trog.
             Slain by an orc warrior
             ... wielding a +0 mace
              (19 damage)
             ... on level 3 of the Dungeon.
             The game lasted 00:04:24 (3583 turns).

Fang the Chopper (Gargoyle Berserker)               Turns: 3583, Time: 00:04:25

Health: 0/66       AC:  7    Str: 27    XL:     7   Next: 86%
Magic:  7/7        EV: 13    Int:  8    God:    Trog [***...]
Gold:   104        SH:  0    Dex:  9    Spells: 6/6 levels left

rFire    . . .     SeeInvis .   a - +0 hand axe
rCold    . . .     Gourm    .   (no shield)
rNeg     + . .     Faith    .   b - +0 animal skin
rPois    ∞         Spirit   .   (no helmet)
rElec    +         Reflect  .   (no cloak)
rCorr    .         Harm     .   (no gloves)
MR       .....                  (no boots)
Stlth    ..........             (no amulet)
HPRegen  0.21/turn              (no ring)
MPRegen  0.10/turn              (no ring)

@: berserking, very quick
A: negative energy resistance 1, electricity resistance, unbreathing,
petrification resistance, rot immunity, AC +4
a: Berserk, Trog's Hand, Renounce Religion


You were on level 3 of the Dungeon.
You worshipped Trog.
Trog was most pleased with you.
You were hungry.

You visited 1 branch of the dungeon, and saw 3 of its levels.
You also visited: Sewer.

You collected 104 gold pieces.

Inventory:

Hand Weapons
 a - a +0 hand axe (weapon)
Armour
 b - a +0 animal skin (worn)
Scrolls
 e - 6 scrolls of teleportation {unknown}
 f - 4 scrolls of magic mapping {unknown}
 h - 2 scrolls of immolation {unknown}
 k - a scroll of enchant weapon {unknown}
Potions
 d - 3 potions of brilliance {unknown}
 g - 2 potions of magic {unknown}
 i - a potion of lignification {unknown}
 j - a potion of curing {unknown}
 m - a potion of might {unknown}
Comestibles
 c - 5 rations
 l - 2 chunks of flesh


   Skills:
 + Level 5.2 Fighting
 + Level 6.2 Axes
 + Level 2.6 Armour
 + Level 3.5 Dodging
 + Level 1.8 Stealth


You had 6 spell levels left.
You didn't know any spells.
Your spell library was empty.

Dungeon Overview and Level Annotations

Branches:
Dungeon (3/15)

Altars:


Innate Abilities, Weirdness & Mutations

You are resistant to torment.
Your stone body is resilient. (AC +4)
You are immune to poison.
You resist negative energy. (rN+)
You are resistant to electric shocks. (rElec)
You can survive without breathing.
You are immune to petrification.
You are immune to rotting.


Message History

You barely miss the orc warrior.
The orc warrior is severely wounded.
You completely miss the orc warrior.
The orc warrior is severely wounded.
The orc warrior hits you with a mace.
* * * LOW HITPOINT WARNING * * *
You hit the orc warrior.
The orc warrior is almost dead.
You hit the orc warrior.
The orc warrior is almost dead.
The orc warrior misses you.
You barely miss the orc warrior.
The orc warrior is almost dead.
You hit the orc warrior but do no damage.
The orc warrior is almost dead.
The orc warrior barely misses you.
You hit the orc warrior.
The orc warrior is almost dead.
The orc warrior hits you with a mace!!
You die...

#...# #......# #...#
#..#<#.#
#...###.......##
#........#.#.#.#
#..............#
###........#.#.#.#
#.................
#.###......#.#.##.
#@# #...........#.
#)o.##......#.#.##.
#.....###.........##
....♣....###..#.#.###
..... .....
###.....## #.>...#
#...<.# ##.#.###
#...## ##...#
#.....## #### ####
##.#.#.. #......#


You could see an orc warrior.

Vanquished Creatures
  Sigmund (D:2)
  6 big kobolds (Sewer)
  An orc wizard (D:3)
  5 adders
  3 river rats (Sewer)
  4 oozes
  5 worms
  3 dart slugs (D:2)
  5 orcs (D:3)
  3 ball pythons
  6 bats
  6 giant cockroaches
  7 goblins
  8 hobgoblins
  3 jackals
  8 kobolds
  2 quokkas
  2 frilled lizards (D:2)
  15 rats
93 creatures vanquished.

Notes
Turn   | Place    | Note
-------+----------+-------------------------------------------
     0 | D:1      | Fang the Gargoyle Berserker began the quest for the Orb.
     0 | D:1      | Reached XP level 1. HP: 14/14 MP: 1/1
   300 | D:1      | Reached skill level 3 in Axes
   300 | D:1      | Reached XP level 2. HP: 19/19 MP: 2/2
   739 | D:1      | Reached ** piety under Trog
   751 | D:1      | Reached XP level 3. HP: 19/24 MP: 3/3
  1170 | D:2      | Noticed Sigmund
  1181 | D:2      | Killed Sigmund
  1181 | D:2      | Reached skill level 4 in Axes
  1181 | D:2      | Reached skill level 1 in Stealth
  1181 | D:2      | Reached XP level 4. HP: 29/29 MP: 4/4
  1181 | D:2      | Reached XP level 5. HP: 33/33 MP: 5/5
  1652 | D:2      | Reached XP level 6. HP: 39/39 MP: 6/6
  1881 | D:3      | Found a glowing drain.
  1896 | Sewer    | Entered a sewer
  1992 | Sewer    | Reached *** piety under Trog
  2477 | Sewer    | Reached skill level 5 in Axes
  2550 | Sewer    | Reached XP level 7. HP: 30/44 MP: 7/7
  3036 | Sewer    | Reached skill level 5 in Fighting
  3316 | Sewer    | Reached skill level 6 in Axes
  3583 | D:3      | Slain by an orc warrior

Skill      XL: |  1  2  3  4  5  6  7 |
---------------+----------------------+-----
Axes           | 3 4 5 6 |  6.2
Fighting       | 4 5 |  5.2
Dodging        | 2 3 |  3.5
Stealth        | 1 |  1.8
Armour         | |  2.6

Action                   |  1- 3 |  4- 6 |  7- 9 || total
-------------------------+-------+-------+-------++-------
Melee: Hand axe          |    77 |   178 |   244 ||   499
Invok: Berserk           |     1 |     2 |     1 ||     4
 Stab: Sleeping          |     1 |     2 |       ||     3
  Eat: Chunk             |       |     7 |     2 ||     9
       Ration            |       |       |     1 ||     1
Armor: Animal skin       |    29 |    45 |    81 ||   155
Dodge: Dodged            |    58 |   111 |   115 ||   284
